[Event "Late-Titled-Tuesday-Blitz-March-12-2024"]
[Site "Chess.com"]
[Date "2024.03.12"]
[Round "1"]
[White "ATM622"]
[Black "rezamahdavi2008"]
[Result "0-1"]
[WhiteElo "2488"]
[BlackElo "2860"]
[TimeControl "180+1"]
[EndTime "14:05:12 PDT"]
[Termination "rezamahdavi2008 won by checkmate"]

1. d4 Nf6 2. c4 e6 3. g3 d5 4. Bg2 Bb4+ 5. Nd2 O-O 6. Qc2 b6 7.
Nf3 Bb7 8. O-O Nbd7 9. a3 Be7 10.
Rd1 c5 11. e3 Rc8 12. b3 dxc4 13. bxc4 cxd4 14. exd4 Qc7 15. Bb2 Rfd8 16. Rac1 Qb8 17. Qb1 Qa8 18. Ne1 Bxg2 19. Nxg2 Rc7 20. Ne3 Rdc8 21.
Qd3 Nf8 22. d5 Rd8 23. Bxf6 Bxf6 24. Ne4 Be7 25. Qb1 Rcd7 26. h4 Bxa3 27. Rc3 Be7 28. g4 Ng6 29. h5 Nf4 30. h6 exd5 31. Ng3 d4 32. Nef5 Qg2# 0-1

[Event "Late-Titled-Tuesday-Blitz-March-12-2024"]
[Site "Chess.com"]
[Date "2024.03.12"]
[Round "1"]
[White "semchik73"]
[Black "Blitzstream"]
[Result "0-1"]
[WhiteElo "2413"]
[BlackElo "2729"]
[TimeControl "180+1"]
[EndTime "14:05:12 PDT"]
[Termination "Blitzstream won by resignation"]

1. Nf3 d5 2. c4 c6 3. e3 Nf6 4.
Nc3 Bf5 5. cxd5 Nxd5 6. Bc4 e6 7. O-O Be7 8. d4 O-O 9. Re1 Bg6 10. e4 Nf6 11. Bg5 Nbd7 12. a4 Rc8 13. Rc1 Qa5 14.
Qb3 h6 15. Bh4 Rfe8 16. Qxb7 Rb8 17. Qa6 Qxa6 18. Bxa6 Rxb2 19. e5 Nd5 20. Nxd5 cxd5 21. Bxe7 Rxe7 22. Rc7 Kf8 23. Rxa7 Nb6 24. Rxe7 Kxe7 25.
a5 Nc4 26. Bxc4 dxc4 27. Rc1 c3 28. Kf1 Bd3+ 29. Ke1 Re2+ 30. Kd1 c2+ 31. Rxc2 Rxc2 32.
Ne1 Rxf2 33. Nxd3 Rxg2 34. Nc5 Rxh2 35. Kc1 Kd8 36. a6 Kc7 37. a7 Ra2 0-1

[Event "Late-Titled-Tuesday-Blitz-March-12-2024"]
[Site "Chess.com"]
[Date "2024.03.12"]
[Round "1"]
[White "mitrabhaa"]
[Black "steepedgames"]
[Result "1-0"]
[WhiteElo "2952"]
[BlackElo "2532"]
[TimeControl "180+1"]
[EndTime "14:05:14 PDT"]
[Termination "mitrabhaa won by resignation"]

1. d4 f5 2. Nf3 Nf6 3. Bg5 e6 4. Nbd2 Be7 5. Bxf6 Bxf6 6. e4 d5 7. exf5 exf5 8. Bd3 O-O 9. O-O Nc6 10. c3 Re8 11. Qc2 g6 12. Rae1 Bd7 13. Rxe8+ Qxe8 14. Re1 Qf7 15. Ne5 Nxe5 16. dxe5 Re8 17. f4 c5 18. Nf3 Bd8 19. Kh1 Bc6 20. Qf2 b6 21. Qe2 Re6 22. Bb5 Qd7 23. Bxc6 Qxc6 24. Rd1 Re7 25.
Qa6 Rd7 26. a4 Be7 27. Qb5 Qxb5 28. axb5 Kf7 29. g3 Ke6 30. Kg2 Bd8 31. h3 h5 32.
Kf2 Rh7 33. Ra1 Rd7 34. Ke3 Be7 35. Rg1 Bd8 36. Kd3 Be7 37. Nd2 Bd8 38. Nf1 d4 39.
c4 Rg7 40. h4 Rd7 41. Nd2 Be7 42.
Ra1 Kf7 43. Ra6 Ke6 44. Nb3 Kf7 45. Ra1 Bd8 46. Re1 Be7 47. e6+ Ke8 48. exd7+ Kxd7 49. Nd2 1-0

[Event "Late-Titled-Tuesday-Blitz-March-12-2024"]
[Site "Chess.com"]
[Date "2024.03.12"]
[Round "1"]
[White "mishanick"]
[Black "DucksParadise"]
[Result "1-0"]
[WhiteElo "3111"]
[BlackElo "2564"]
[TimeControl "180+1"]
[EndTime "14:05:20 PDT"]
[Termination "mishanick won by resignation"]

1. d4 d5 2. c4 e6 3. Nc3 Nf6 4. Bg5 Be7 5. e3 h6 6. Bh4 O-O 7. Qc2 b6 8. Nf3 Bb7 9. Bxf6 Bxf6 10.
cxd5 exd5 11. Rd1 c5 12. dxc5 bxc5 13. Bc4 d4 14. O-O Nd7 15. Bd5 Rb8 16. Bxb7 Rxb7 17. exd4 cxd4 18. Ne4 Qb6 19. b3 Rc7 20. Qd2 Rd8 21. Rfe1 Nc5 22. Nxf6+ Qxf6 23. Qa5 Qb6 24. Qxb6 axb6 25. Rxd4 Rxd4 26. Nxd4 Ra7 27. Re2 Nd3 28. Rd2 Nc1 29. a4 Rd7 30. Kf1 Na2 31. Nf3 Rc7 32.
g3 Nb4 33. Rd6 b5 34. axb5 Rc1+ 35. Kg2 Rc2 36. b6 Na6 37. b7 Kh7 38. Rxa6 1-0

[Event "Late-Titled-Tuesday-Blitz-March-12-2024"]
[Site "Chess.com"]
[Date "2024.03.12"]
[Round "1"]
[White "ChessLover0108"]
[Black "Koalaskakistis"]
[Result "1-0"]
[WhiteElo "2941"]
[BlackElo "2529"]
[TimeControl "180+1"]
[EndTime "14:05:22 PDT"]
[Termination "ChessLover0108 won by resignation"]

1. c4 f5 2. g3 Nf6 3. Bg2 d6 4. d4 e6 5. Nc3 Be7 6. Nf3 O-O 7. O-O Ne4 8. Qc2 Nxc3 9. bxc3 Nc6 10. e4 e5 11.
dxe5 dxe5 12. exf5 Bxf5 13. Qb3 Rb8 14. Be3 Qe8 15. Rfe1 Qh5 16. Qb5 Be4 17. Nxe5 a6 18.
Nxc6 axb5 19. Nxe7+ Kf7 20. Bxe4 Kxe7 21. Bd4 Kf7 22. Bd5+ Kg6 23. Re7 Rf6 24. Bxf6 gxf6 25. Bf7+ 1-0

[Event "Late-Titled-Tuesday-Blitz-March-12-2024"]
[Site "Chess.com"]
[Date "2024.03.12"]
[Round "1"]
[White "jefferyx"]
[Black "bipe137"]
[Result "1-0"]
[WhiteElo "3083"]
[BlackElo "2560"]
[TimeControl "180+1"]
[EndTime "14:05:23 PDT"]
[Termination "jefferyx won by resignation"]

1. e4 c5 2. Nf3 e6 3. c3 Nf6 4.
Bd3 d5 5. e5 Nfd7 6. Bc2 c4 7.
d4 cxd3 8. Qxd3 Nc6 9. Bf4 Be7 10. h4 Qb6 11. b4 a5 12. b5 Ncb8 13. a4 Nc5 14. Qe3 Nbd7 15. Nbd2 Qc7 16. h5 h6 17. Rh3 b6 18. Rg3 Bf8 19. Nd4 Bb7 20. Kf1 O-O-O 21. Kg1 Kb8 22. Re1 Ka8 23. Rg4 Rc8 24. Bg3 Rg8 25.
Qf3 Nb8 26. Rf4 Ncd7 27. Rxf7 Qxc3 28. Qxc3 Rxc3 29. Bh7 Rh8 30. Nxe6 Bb4 31. Bf5 Rxg3 32. fxg3 Bxd2 33. Re2 Nxe5 34. Rxe5 Bc3 35. Rxd5 Rc8 36.
Rd6 Bb4 37. Rxb6 Rc1+ 38. Kh2 Bd5 39. Nc7+ 1-0

[Event "Late-Titled-Tuesday-Blitz-March-12-2024"]
[Site "Chess.com"]
[Date "2024.03.12"]
[Round "1"]
[White "BogdanDeac"]
[Black "bazar-wokzal"]
[Result "1-0"]
[WhiteElo "3056"]
[BlackElo "2554"]
[TimeControl "180+1"]
[EndTime "14:05:23 PDT"]
[Termination "BogdanDeac won by resignation"]

1. d4 Nf6 2. c4 Nc6 3. Nf3 e6 4.
g3 Bb4+ 5. Bd2 a5 6. Bg2 d6 7. O-O e5 8. e3 Bg4 9. h3 Bxf3 10. Bxf3 Bxd2 11. Qxd2 O-O 12. Nc3 Re8 13. Rfd1 Qe7 14. Rac1 h6 15. Bg2 Rad8 16. Nd5 Nxd5 17. cxd5 Nb4 18.
a3 Na6 19. Qxa5 Rc8 20. dxe5 Qxe5 21. b4 Nb8 22. Rxc7 Rxc7 23. Qxc7 Qb2 24. Qxd6 Qxa3 25. Qb6 Qb3 26. Bf3 Nd7 27. Qb5 Rd8 28. d6 b6 29. Kg2 Kh8 30. Rd4 f6 31. Bc6 Ne5 32. Qxb6 Nxc6 33. Qxc6 1-0

[Event "Late-Titled-Tuesday-Blitz-March-12-2024"]
[Site "Chess.com"]
[Date "2024.03.12"]
[Round "1"]
[White "Der_Balak_3Halak"]
[Black "ChessBrainiacOnTwitch"]
[Result "1-0"]
[WhiteElo "2459"]
[BlackElo "2770"]
[TimeControl "180+1"]
[EndTime "14:05:26 PDT"]
[Termination "Der_Balak_3Halak won by resignation"]

1. e4 c5 2. Nf3 d6 3. Bb5+ Nd7 4. O-O Nf6 5. Re1 a6 6. Bxd7+ Bxd7 7. c3 g6 8. d4 cxd4 9. cxd4 Bg7 10. Nc3 O-O 11. Bg5 Rc8 12. Qd2 Bg4 13. Qf4 Qd7 14. e5 Nh5 15.
Qe3 Rfe8 16. Rad1 b5 17. h3 Bxf3 18. Qxf3 dxe5 19. dxe5 Qe6 20. g4 h6 21. Bc1 b4 22. Nd5 Bxe5 23. gxh5 g5 24. Kg2 Qd6 25.
Qe4 Bg7 26. Nxe7+ 1-0

[Event "Late-Titled-Tuesday-Blitz-March-12-2024"]
[Site "Chess.com"]
[Date "2024.03.12"]
[Round "1"]
[White "Perecke"]
[Black "tarno17"]
[Result "1-0"]
[WhiteElo "2604"]
[BlackElo "2209"]
[TimeControl "180+1"]
[EndTime "14:05:26 PDT"]
[Termination "Perecke won by resignation"]

1. e4 c5 2. Nf3 e6 3. d4 cxd4 4. Nxd4 a6 5. Bd3 Bc5 6. Nb3 Be7 7. Qg4 g6 8. Nc3 Qc7 9. Bd2 Nf6 10.
Qe2 h5 11. h3 Nc6 12. O-O-O b5 13. g3 b4 14. Na4 d5 15. exd5 Nxd5 16. Be4 Nb6 17.
Bf4 e5 18. Bxe5 Nxe5 19. Nxb6 Qxb6 20. Bxa8 Qf6 21. f4 Nc6 22. Rhe1 Nd8 23. Nd4 Bd7 24. Nf3 Be6 25. Ng5 O-O 26. Nxe6 Nxe6 27. Bd5 Bc5 28. Bxe6 fxe6 29. Qxe6+ Qxe6 30. Rxe6 Kf7 31. Rxa6 Be3+ 32. Kb1 b3 33. axb3 1-0

[Event "Late-Titled-Tuesday-Blitz-March-12-2024"]
[Site "Chess.com"]
[Date "2024.03.12"]
[Round "1"]
[White "zverr1"]
[Black "PNEPaul"]
[Result "1-0"]
[WhiteElo "2574"]
[BlackElo "1953"]
[TimeControl "180+1"]
[EndTime "14:05:27 PDT"]
[Termination "zverr1 won by resignation"]

1. e4 e5 2. Nf3 Nc6 3. Bc4 Be7 4.
d4 exd4 5. Nxd4 d6 6. Nc3 Nf6 7. O-O O-O 8. h3 Nxd4 9. Qxd4 Be6 10. Bf4 Bxc4 11. Qxc4 Nd7 12. Rad1 Nb6 13. Qd3 Bg5 14. Bh2 Bf6 15. b3 Bxc3 16. Qxc3 Rc8 17. e5 d5 18. Qc5 c6 19. Rfe1 Qd7 20. a4 Qf5 21. a5 Nd7 22. Qxa7 Qxc2 23. Qxb7 Rfd8 24. Rc1 Qa2 25. a6 Qa5 26. e6 fxe6 27. b4 Qb5 28. Rxe6 Qxb7 29. axb7 Rb8 30. Bxb8 Rxb8 31. Rexc6 Rxb7 32. Rc7 Rxc7 33. Rxc7 Nb6 34. Rc6 Nc4 35. b5 Ne5 36. Rd6 1-0

[Event "Late-Titled-Tuesday-Blitz-March-12-2024"]
[Site "Chess.com"]
[Date "2024.03.12"]
[Round "1"]
[White "vi_pranav"]
[Black "MalyDominator"]
[Result "1-0"]
[WhiteElo "3047"]
[BlackElo "2552"]
[TimeControl "180+1"]
[EndTime "14:05:28 PDT"]
[Termination "vi_pranav won by resignation"]

1. e4 c5 2. Nf3 d6 3. d4 cxd4 4. Nxd4 Nf6 5. Nc3 Nc6 6. Bg5 e6 7. Qd2 a6 8. O-O-O Bd7 9. Rg1 b5 10. a3 Rb8 11. f4 Qb6 12. e5 Nxd4 13. exf6 Nf5 14. Bd3 b4 15. Bxf5 bxc3 16. Qxc3 Rg8 17. Bxh7 gxf6 18. Bxg8 fxg5 19. Qf6 Qe3+ 20. Kb1 Be7 21.
Bxf7+ Kd8 22. Qd4 Qxa3 23. Qh8+ 1-0

[Event "Late-Titled-Tuesday-Blitz-March-12-2024"]
[Site "Chess.com"]
[Date "2024.03.12"]
[Round "1"]
[White "ACollins05"]
[Black "ljm509"]
[Result "1-0"]
[WhiteElo "2576"]
[BlackElo "2014"]
[TimeControl "180+1"]
[EndTime "14:05:28 PDT"]
[Termination "ACollins05 won on time"]

1. d4 Nf6 2. c4 e6 3. Nf3 d5 4.
g3 Be7 5. Bg2 O-O 6. O-O c6 7.
Nc3 dxc4 8. Ne5 c5 9. dxc5 Qc7 10.
Nxc4 Qxc5 11. Qb3 Na6 12. Be3 Qh5 13. Bf3 Qh3 14. Bg2 Qh5 15. h3 Nc5 16. Qc2 Nd5 17.
Nxd5 exd5 18. g4 Qh4 19. Ne5 Ne4 20. Rad1 1-0

[Event "Late-Titled-Tuesday-Blitz-March-12-2024"]
[Site "Chess.com"]
[Date "2024.03.12"]
[Round "1"]
[White "TenisMaster"]
[Black "Actuary44"]
[Result "1-0"]
[WhiteElo "2888"]
[BlackElo "2512"]
[TimeControl "180+1"]
[EndTime "14:05:30 PDT"]
[Termination "TenisMaster won by resignation"]

1. e4 b6 2. d4 Bb7 3. Bd3 e6 4. Nf3 Nf6 5. Qe2 d5 6. e5 Nfd7 7. Nbd2 c5 8. c3 Nc6 9. a3 Qc7 10. h4 O-O-O 11. b4 c4 12. Bc2 h6 13. Nf1 Be7 14. Ng3 g5 15. hxg5 hxg5 16. Rxh8 Rxh8 17. Bxg5 Nf8 18. Qe3 Ng6 19. Ke2 Bxg5 20. Qxg5 Nce7 21. Qf6 Ng8 22. Qg5 N8e7 23. Rh1 Rxh1 24. Nxh1 Qd8 25. Ng3 Qh8 26. Kd2 a5 27. Qh5 Qxh5 28. Nxh5 axb4 29.
axb4 Bc6 30. Ng5 Be8 31. Nf6 Kd8 32. g3 Nf5 33. Bxf5 exf5 34. Nxd5 Bc6 35. Nxb6 f4 36. Nxf7+ Ke7 37. Ng5 fxg3 38. fxg3 Nf8 39. d5 Bxd5 40. Nxd5+ Kd7 41. Ke3 Ng6 42. Ke4 1-0

[Event "Late-Titled-Tuesday-Blitz-March-12-2024"]
[Site "Chess.com"]
[Date "2024.03.12"]
[Round "1"]
[White "Vadim_Galchenko"]
[Black "yuriydovzik"]
[Result "1-0"]
[WhiteElo "2580"]
[BlackElo "2096"]
[TimeControl "180+1"]
[EndTime "14:05:31 PDT"]
[Termination "Vadim_Galchenko won by checkmate"]

1. e4 c6 2. c4 e5 3. Nf3 d6 4. d4 Nd7 5. Nc3 Ngf6 6. Be2 Be7 7. Be3 O-O 8. O-O Ng4 9. Bc1 exd4 10. Nxd4 Nge5 11.
f4 Ng6 12. Kh1 Nc5 13. Bf3 Ne6 14. Nde2 Nh4 15. Bg4 f5 16. exf5 Nxf5 17. Ne4 Nc5 18. N2g3 Nxg3+ 19. Nxg3 Bf6 20. Rb1 Bxg4 21. Qxg4 Nd3 22.
b4 d5 23. c5 Nxc1 24. Rbxc1 Qe8 25. Rce1 Qf7 26. Nf5 Qg6 27. Qh3 Bc3 28. Ne7+ Kf7 29. Nxg6 hxg6 30. Qe6# 1-0

[Event "Late-Titled-Tuesday-Blitz-March-12-2024"]
[Site "Chess.com"]
[Date "2024.03.12"]
[Round "1"]
[White "AlexeiShirov"]
[Black "imdvb6307"]
[Result "1-0"]
[WhiteElo "2875"]
[BlackElo "2500"]
[TimeControl "180+1"]
[EndTime "14:05:35 PDT"]
[Termination "AlexeiShirov won on time"]

1. e4 e5 2. Nf3 Nf6 3. Nxe5 d6 4. Nf3 Nxe4 5. d4 d5 6. Bd3 Be7 7. O-O Nc6 8. Re1 Bg4 9. c4 Nf6 10.
Nc3 Nxd4 11. cxd5 O-O 12. Bxh7+ Nxh7 13. Qxd4 Bxf3 14. gxf3 Bf6 15. Qc4 Qd7 16. Qg4 Rad8 17. Bf4 Bxc3 18. bxc3 Qxd5 19. Bh6 g6 20. Bxf8 Rxf8 21.
c4 Qc6 22. Rad1 1-0

[Event "Late-Titled-Tuesday-Blitz-March-12-2024"]
[Site "Chess.com"]
[Date "2024.03.12"]
[Round "1"]
[White "northridgehawk"]
[Black "LikeWater"]
[Result "0-1"]
[WhiteElo "2326"]
[BlackElo "2683"]
[TimeControl "180+1"]
[EndTime "14:05:35 PDT"]
[Termination "LikeWater won by checkmate"]

1. e4 c5 2. Nf3 e6 3. d4 cxd4 4.
Nxd4 Nc6 5. Nc3 Qc7 6. Be3 Nf6 7.
Be2 Be7 8. O-O O-O 9. f4 d6 10.
Kh1 Nxd4 11. Bxd4 e5 12. Be3 b6 13. Bd3 Bb7 14. Qf3 Rad8 15. Qg3 Nh5 16. Qh3 Nxf4 17. Bxf4 exf4 18. Rxf4 h6 19. Nd5 Bxd5 20. exd5 Qc8 21. Rg4 Kh8 22. Rf1 Rde8 23. Qh5 Bd8 24. h3 Re5 25.
Rxf7 Rxf7 26. Qxf7 Bg5 27. Qg6 Kg8 28. h4 Qxg4 29.
Qh7+ Kf8 30. Qh8+ Kf7 31. hxg5 Re1+ 32. Kh2 Qh4# 0-1

[Event "Late-Titled-Tuesday-Blitz-March-12-2024"]
[Site "Chess.com"]
[Date "2024.03.12"]
[Round "1"]
[White "MaiqMaster"]
[Black "DavidGavrilescu18"]
[Result "0-1"]
[WhiteElo "2428"]
[BlackElo "2750"]
[TimeControl "180+1"]
[EndTime "14:05:36 PDT"]
[Termination "DavidGavrilescu18 won by resignation"]

1. e4 c5 2. Nc3 Nc6 3. Bb5 Nd4 4.
Nf3 e6 5. O-O a6 6. Bd3 Nc6 7.
Nd5 Bd6 8. Ne3 Nge7 9. c3 Bc7 10. Bc2 d5 11. exd5 exd5 12. d4 c4 13. Re1 O-O 14.
b3 b5 15. a4 Rb8 16. axb5 axb5 17. bxc4 bxc4 18. Ba3 Re8 19. Bxh7+ Kxh7 20. Ng5+ Kg6 21.
h4 Rh8 22. Qf3 f6 23. Nh3 Rxh4 24. Nf1 Bg4 25. Qe3 Nf5 26. Nf4+ Kh7 27. Qd2 Qd7 28. g3 Rh6 29. Nh2 Bh5 30. g4 Bf7 31. gxf5 Qxf5 32.
Bc1 g5 0-1

[Event "Late-Titled-Tuesday-Blitz-March-12-2024"]
[Site "Chess.com"]
[Date "2024.03.12"]
[Round "1"]
[White "Zavgorodniy_Sergiy"]
[Black "jinxy2009"]
[Result "1-0"]
[WhiteElo "2604"]
[BlackElo "2205"]
[TimeControl "180+1"]
[EndTime "14:05:36 PDT"]
[Termination "Zavgorodniy_Sergiy won by resignation"]

1. d4 Nf6 2. c4 g6 3. Nc3 d5 4.
cxd5 Nxd5 5. e4 Nxc3 6. bxc3 Bg7 7. Nf3 c5 8. Be3 Nc6 9. Qd2 O-O 10. Rc1 Qa5 11. d5 Ne5 12. Nxe5 Bxe5 13. f4 Bg7 14. c4 Qxd2+ 15. Kxd2 b6 16. Be2 Rd8 17. Bf3 e6 18.
Rhd1 Bb7 19. Ke2 f5 20. e5 g5 21. g3 b5 22. dxe6 Bxf3+ 23. Kxf3 bxc4 24. Rxd8+ Rxd8 25. Rxc4 g4+ 26. Ke2 Bf8 27. Ra4 Re8 28. Ra6 h5 29. Kd3 h4 30. Kc4 Re7 31. Bxc5 Rc7 32. Ra5 h3 33.
Kd5 Rb7 34. Rxa7 Rb5 35. Rc7 Bxc5 36. Rxc5 Rb2 37. Rc8+ Kg7 38. e7 1-0

[Event "Late-Titled-Tuesday-Blitz-March-12-2024"]
[Site "Chess.com"]
[Date "2024.03.12"]
[Round "1"]
[White "yosephtaher"]
[Black "Kavyev_Ruslan"]
[Result "1-0"]
[WhiteElo "2979"]
[BlackElo "2534"]
[TimeControl "180+1"]
[EndTime "14:05:40 PDT"]
[Termination "yosephtaher won by resignation"]

1. d4 Nf6 2. Nc3 d5 3. Bf4 a6 4.
e3 Nbd7 5. h3 c5 6. Nf3 e6 7.
Bd3 Be7 8. a3 b5 9. O-O O-O 10.
Re1 Bb7 11. Ne5 Rc8 12. Qf3 c4 13. Bf1 Ne4 14. Nxe4 dxe4 15. Qg3 Nxe5 16. Bxe5 f6 17. Bf4 Bd5 18. Be2 Qe8 19. a4 b4 20. a5 Qg6 21. Qh2 Rc6 22. c3 Rfc8 23. Kh1 Kh8 24. Ra4 b3 25. Raa1 Qe8 26. h4 Qd7 27. h5 Bd6 28. h6 g5 29. Bg3 Rg8 30. Rf1 Qc7 31.
Bxd6 Qxd6 32. Qh3 Qc7 33. f3 Qd6 34. fxe4 Bxe4 35. Rxf6 Bf5 36. Qh2 Qd5 37. Rf1 Qxa5 38. R1xf5 exf5 39. Rxc6 Qd5 40. Bxc4 Qxc6 41. Qe5+ 1-0

[Event "Late-Titled-Tuesday-Blitz-March-12-2024"]
[Site "Chess.com"]
[Date "2024.03.12"]
[Round "1"]
[White "GMBenjaminBok"]
[Black "ExtremeLearner"]
[Result "1-0"]
[WhiteElo "3033"]
[BlackElo "2550"]
[TimeControl "180+1"]
[EndTime "14:05:45 PDT"]
[Termination "GMBenjaminBok won on time"]

1. d4 Nf6 2. c4 c5 3. Nf3 cxd4 4. Nxd4 e6 5. g3 d5 6. Bg2 Nc6 7. O-O Bc5 8. Nb3 Bb6 9. cxd5 exd5 10. Bg5 O-O 11. Nc3 h6 12. Bxf6 Qxf6 13. Qxd5 Be6 14. Qf3 Qe7 15. e3 Rad8 16. Rfd1 Qb4 17. Qe4 Qxe4 18.
Bxe4 Rxd1+ 19. Rxd1 Rd8 20. Rxd8+ Bxd8 21. Nc5 Bc8 22. Nb5 Bb6 23. Na4 Ba5 24. Nd6 Be6 25. Nxb7 Bd7 26. Nac5 1-0

[Event "Late-Titled-Tuesday-Blitz-March-12-2024"]
[Site "Chess.com"]
[Date "2024.03.12"]
[Round "1"]
[White "zajka-molotok"]
[Black "SpeedofLight0"]
[Result "0-1"]
[WhiteElo "2564"]
[BlackElo "3094"]
[TimeControl "180+1"]
[EndTime "14:05:46 PDT"]
[Termination "SpeedofLight0 won by resignation"]

1. e4 Nc6 2. Nf3 d6 3. d4 Nf6 4. Nc3 g6 5. Be2 Bg7 6. O-O O-O 7. h3 e5 8. dxe5 Nxe5 9. Nxe5 dxe5 10. Bg5 c6 11. Qxd8 Rxd8 12. Rad1 Be6 13. b3 h6 14. Bh4 g5 15. Bg3 Nd7 16. Bg4 Bxg4 17. hxg4 f6 18. f3 Bf8 19. Bf2 Kf7 20. Na4 b5 21. Nb2 a5 22. a4 Ba3 23. Nd3 Ke6 24. Ra1 Be7 25. Rfd1 Rh8 26. Be1 Bd8 27. b4 bxa4 28. Rxa4 axb4 29.
Rxa8 Bb6+ 30. Bf2 Rxa8 31. Nxb4 Ra4 32. Nxc6 Bxf2+ 33. Kxf2 Rc4 34. Nd8+ Ke7 35. Nb7 Rxc2+ 36. Kg3 Nf8 37. Nd6 Ne6 38. Nf5+ Ke8 39. Rd6 Nf4 40. Ne3 Re2 41. Rxf6 Rxe3 42. Rf5 Re2 43. Rxe5+ Kd7 0-1

[Event "Late-Titled-Tuesday-Blitz-March-12-2024"]
[Site "Chess.com"]
[Date "2024.03.12"]
[Round "1"]
[White "Good_Knight_Kiss"]
[Black "IlyaGrigorjev"]
[Result "0-1"]
[WhiteElo "2520"]
[BlackElo "2925"]
[TimeControl "180+1"]
[EndTime "14:05:46 PDT"]
[Termination "IlyaGrigorjev won on time"]

1. e4 e5 2. Nf3 Nc6 3. Bb5 a6 4.
Ba4 Nge7 5. O-O Ng6 6. c3 d5 7.
exd5 Qxd5 8. d4 Bg4 9. dxe5 Bxf3 10. gxf3 Qxd1 11. Bxc6+ bxc6 12. Rxd1 Nxe5 13. Bf4 Nxf3+ 14. Kg2 Nh4+ 15. Kh3 Ng6 16. Bxc7 Bc5 17. Nd2 f5 18. f4 O-O 19. Nc4 Rae8 20. Re1 Re4 21. Rxe4 fxe4 22.
Kg4 h5+ 23. Kg5 Ne7 24. Kxh5 Nd5 25. Be5 Nxf4+ 26. Kg4 Nd3 27. b4 Bf2 28. a4 e3 29.
Bg3 e2 0-1

[Event "Late-Titled-Tuesday-Blitz-March-12-2024"]
[Site "Chess.com"]
[Date "2024.03.12"]
[Round "1"]
[White "campochess"]
[Black "Rakitic2010"]
[Result "0-1"]
[WhiteElo "2202"]
[BlackElo "2602"]
[TimeControl "180+1"]
[EndTime "14:05:47 PDT"]
[Termination "Rakitic2010 won by resignation"]

1. d4 Nf6 2. Bg5 Ne4 3. h4 c5 4. d5 h6 5. Bf4 Qb6 6. Nd2 Qxb2 7. Nxe4 Qb4+ 8. Nd2 Qxf4 9. e4 d6 10. g3 Qf6 11. Rb1 g6 12. Bb5+ Nd7 13. Bxd7+ Bxd7 14. Rxb7 Bg7 15. Ne2 Bg4 16. f3 Bc8 17. Rb3 O-O 18. O-O Ba6 19. c4 Rab8 20. f4 Rxb3 21. axb3 Qb2 22.
Qc1 Rb8 23. Qxb2 Bxb2 24. e5 dxe5 25. Ne4 Rxb3 26. Nxc5 Ra3 27. Nxa6 Rxa6 28. Rb1 Rb6 29. Kg2 exf4 30. Nxf4 Bd4 31. Kf3 Rxb1 0-1

[Event "Late-Titled-Tuesday-Blitz-March-12-2024"]
[Site "Chess.com"]
[Date "2024.03.12"]
[Round "1"]
[White "GHANDEEVAM2003"]
[Black "Noki102"]
[Result "1-0"]
[WhiteElo "3090"]
[BlackElo "2561"]
[TimeControl "180+1"]
[EndTime "14:05:51 PDT"]
[Termination "GHANDEEVAM2003 won by resignation"]

1. a3 e5 2. c4 Nc6 3. Nc3 a6 4. Nf3 Bc5 5. e3 d6 6. d4 exd4 7. exd4 Ba7 8. Be2 Nge7 9. O-O O-O 10. Bg5 f6 11. Be3 Nf5 12. Qd2 Re8 13. b4 Nxe3 14.
fxe3 Qe7 15. Nd5 Qf7 16. Bd3 h6 17. Qc2 Qd7 18. Bh7+ Kh8 19. Nh4 Ne7 20. Nxe7 Rxe7 21. Ng6+ Kxh7 22. Nxe7+ Kh8 23. Ng6+ Kg8 24. Rf3 Qf7 25.
Raf1 Be6 26. d5 Bd7 27. Nf4 Re8 28. c5 dxc5 29. bxc5 Bb5 30. Rc1 Qe7 31. h3 b6 32.
d6 cxd6 33. c6 Rc8 34. Qf5 Rxc6 35. Qd5+ Qf7 36. Rxc6 Qxd5 37. Rc8+ 1-0

[Event "Late-Titled-Tuesday-Blitz-March-12-2024"]
[Site "Chess.com"]
[Date "2024.03.12"]
[Round "1"]
[White "TigrVShlyape"]
[Black "HandKnit"]
[Result "1-0"]
[WhiteElo "2927"]
[BlackElo "2522"]
[TimeControl "180+1"]
[EndTime "14:05:51 PDT"]
[Termination "TigrVShlyape won by resignation"]

1. e4 c5 2. Nf3 e6 3. d4 cxd4 4. Nxd4 a6 5. Nc3 b5 6. Bd3 Bb7 7. O-O Nc6 8. Nxc6 Bxc6 9. Re1 Qb8 10. Nd5 Bd6 11. Qh5 Ne7 12. Nxe7 Bxe7 13. e5 h6 14. Qg4 g5 15. Qh5 b4 16. Bd2 a5 17. c3 Qb7 18. f3 Bb5 19. c4 Bc6 20. Kh1 a4 21. Be4 a3 22. b3 Ra5 23. Bxc6 Qxc6 24.
f4 gxf4 25. Bxf4 Rg8 26. Re2 Bg5 27. Bg3 Qc5 28. Rf1 Rf8 29. Ref2 Qe7 30. Rf3 1-0

[Event "Late-Titled-Tuesday-Blitz-March-12-2024"]
[Site "Chess.com"]
[Date "2024.03.12"]
[Round "1"]
[White "kleber2007"]
[Black "Bauman_Guy"]
[Result "0-1"]
[WhiteElo "2528"]
[BlackElo "2931"]
[TimeControl "180+1"]
[EndTime "14:06:00 PDT"]
[Termination "Bauman_Guy won on time"]

1. Nf3 Nf6 2. g3 d5 3. Bg2 Bg4 4. c4 c6 5. Ne5 Bf5 6. cxd5 cxd5 7. Nc3 Nbd7 8. Qa4 e6 9. g4 Bg6 10. h4 b5 11. Nxb5 Nxe5 12. Nc7+ Ke7 13. Nxa8 Nfxg4 14. Qxa7+ Qd7 15. Qa3+ Ke8 16. Qg3 Bc5 17. d4 Bxd4 18.
Be3 Nxe3 19. fxe3 Bxb2 20. Rd1 Bc3+ 21. Kf1 Qa4 22. Kf2 Ng4+ 23. Kg1 Qxd1+ 0-1

[Event "Late-Titled-Tuesday-Blitz-March-12-2024"]
[Site "Chess.com"]
[Date "2024.03.12"]
[Round "1"]
[White "TanitoluwaAps116"]
[Black "RuleOfTwo"]
[Result "1-0"]
[WhiteElo "2831"]
[BlackElo "2469"]
[TimeControl "180+1"]
[EndTime "14:06:00 PDT"]
[Termination "TanitoluwaAps116 won on time"]

1. e4 b6 2. d4 Bb7 3. Bd3 e6 4. Nf3 Nf6 5. Qe2 d5 6. e5 Nfd7 7. O-O c5 8. c3 Qc8 9. Ng5 Ba6 10. Qh5 g6 11. Qf3 f5 12. exf6 Bxd3 13. f7+ Ke7 14. Qxd3 Bh6 15. Re1 Bxg5 16. Bxg5+ Kxf7 17. Qf3+ Kg7 18.
Rxe6 Rf8 19. Re7+ Kg8 20. Qxd5+ Kh8 21. Qxa8 cxd4 22. Qd5 1-0

[Event "Late-Titled-Tuesday-Blitz-March-12-2024"]
[Site "Chess.com"]
[Date "2024.03.12"]
[Round "1"]
[White "Szparu"]
[Black "Aram7Adam"]
[Result "1-0"]
[WhiteElo "2805"]
[BlackElo "2450"]
[TimeControl "180+1"]
[EndTime "14:06:01 PDT"]
[Termination "Szparu won by resignation"]

1. d4 d5 2. c4 dxc4 3. e4 Nf6 4.
e5 Nd5 5. Bxc4 Nb6 6. Bd3 Nc6 7. Be3 Be6 8. Nc3 Bc4 9. Be4 e6 10. Nf3 Bd5 11. Nxd5 Nxd5 12. O-O Be7 13. a3 a5 14. Qc2 h6 15. Rac1 g5 16. Nd2 g4 17. Nb3 Bg5 18. Rce1 Nce7 19. Bd3 Nxe3 20. fxe3 Nd5 21. Qf2 Qe7 22. Nc5 Rb8 23. Be4 b6 24. Nd3 c6 25.
Nf4 Bh4 26. g3 Bg5 27. Nh5 Kd7 28. Bxd5 cxd5 29. Qxf7 Rhf8 30. Qxe7+ Kxe7 31. Nf4 Rbc8 32. Ng6+ Kd7 33. Nxf8+ 1-0

[Event "Late-Titled-Tuesday-Blitz-March-12-2024"]
[Site "Chess.com"]
[Date "2024.03.12"]
[Round "1"]
[White "As0nchess"]
[Black "Sina_Movahed"]
[Result "0-1"]
[WhiteElo "2551"]
[BlackElo "3045"]
[TimeControl "180+1"]
[EndTime "14:06:02 PDT"]
[Termination "Sina_Movahed won by resignation"]

1. e4 c5 2. Nf3 d6 3. Bb5+ Nd7 4. O-O a6 5. Be2 Ngf6 6. Nc3 g6 7. d4 cxd4 8. Qxd4 Bg7 9. Bg5 O-O 10. Qe3 b5 11. a3 Bb7 12. h3 Qc7 13. Rad1 Rac8 14. Rfe1 Rfe8 15. Rd2 Nc5 16. e5 Nfe4 17. Nd5 Bxd5 18. Rxd5 dxe5 19. Bh4 e6 20. Rdd1 Nd6 21. g4 e4 22. Nd4 e5 23. Nb3 Ne6 24. c3 Nf4 25. Bf1 Nc4 26. Qc1 f5 27. Nd2 Nd3 28. Bxd3 exd3 29. Bg3 Bh6 30. gxf5 gxf5 31. Kh2 Re6 32. Rg1 Rg6 33. Nxc4 Bxc1 34. Nxe5 f4 35. Nxg6 fxg3+ 36.
Rxg3 hxg6 37. Rxc1 d2 38. Rd1 Qf4 39. Kg1 Rf8 40.
Rxg6+ Kh7 41. Rg2 Qe4 42. Kf1 Qd3+ 43. Kg1 Qe2 0-1